 Dungeon Crawl Stone Soup version 0.29.1-1-gd02db6906a (webtiles) character file.

Game seed: 2678605746863518575

285 mtoz the Protected (level 6, 0/50 HPs)
             Began as a Gnoll Wanderer on Sept 20, 2022.
             Was a Believer of Ashenzari.
             Slain by a two-headed ogre
             ... wielding a +0 giant spiked club
              (19 damage)
             ... on level 5 of the Dungeon.
             The game lasted 00:28:23 (4060 turns).

mtoz the Protected (Gnoll Wanderer)                 Turns: 4060, Time: 00:28:24

Health: 0/50       AC: 13    Str: 12    XL:     6   Next: 29%
Magic:  16/16      EV:  7    Int:  8    God:    Ashenzari [**....]
Gold:   194        SH:  0    Dex: 16    Spells: 19/19 levels left

rFire   . . .      SeeInvis +   a - +0 quarterstaff of Supernal Gnosis {foof, Cun, Melee} (curse)
rCold   . . .      Faith    .   (shield currently unavailable)
rNeg    . . .      Spirit   .   b - +0 chain mail of the Lashed Sun {Self, Range} (curse)
rPois   .          Reflect  .   y - +0 helmet of the Pangnostic Malaise {Self, Elem} (curse)
rElec   .          Harm     .   (no cloak)
rCorr   .          Rampage  .   (no gloves)
Will    .....                   (no boots)
Stlth   ..........              (no amulet)
HPRegen 0.16/turn               (no ring)
MPRegen 0.15/turn               (no ring)

@: no status effects
A: fangs 1, strong nose, distributed training
a: Renounce Religion, Curse Item, Shatter the Chains


You were on level 5 of the Dungeon.
You worshipped Ashenzari.
Ashenzari was pleased with you.
You visited 1 branch of the dungeon, and saw 6 of its levels.

You collected 207 gold pieces.
You spent 13 gold pieces at shops.

Inventory:

Hand Weapons
 a - the cursed +0 quarterstaff of Supernal Gnosis (weapon) {foof, Cun, Melee}

   It has a curse which improves the following skills: Cunning: Dodging and
   Stealth.
   Melee Combat: Short Blades, Long Blades, Axes, Maces & Flails, Polearms,
   Staves and Unarmed Combat.
 f - a +4 short sword
 j - a +0 hand axe
 o - a +0 mace
 r - a +0 long sword
 s - a +0 whip
Missiles
 u - 19 stones (quivered)
Armour
 b - the cursed +0 chain mail of the Lashed Sun (worn) {Self, Range}

   It has a curse which improves the following skills: Introspection: Fighting
   and Spellcasting.
   Ranged Combat: Ranged Weapons and Throwing.
 h - a +0 robe
 q - a +0 scale mail
 y - the cursed +0 helmet of the Pangnostic Malaise (worn) {Self, Elem}
   (You found it on level 4 of the Dungeon)

   It has a curse which improves the following skills: Introspection: Fighting
   and Spellcasting.
   Elements:  Fire Magic, Ice Magic, Air Magic and Earth Magic.
 B - a +0 ring mail
Wands
 A - a wand of light (7)
Scrolls
 c - 3 scrolls of butterflies
 d - a scroll of fear
 e - a scroll of silence
 g - 3 scrolls of teleportation
 k - a scroll of magic mapping
 l - a scroll of immolation
 m - a scroll of enchant armour
 n - a scroll of enchant weapon
 v - a scroll of amnesia
 z - a scroll of blinking
Potions
 i - 4 potions of curing
 p - a potion of magic
 t - 2 potions of heal wounds
 w - a potion of mutation
 x - a potion of lignification
 C - a potion of degeneration


   Skills:
 + Level 3.2(4.9) Fighting
 + Level 2.0(3.0) Short Blades
 + Level 2.0(3.0) Long Blades
 + Level 2.0(3.0) Axes
 + Level 2.0(3.0) Maces & Flails
 + Level 2.0(3.0) Polearms
 + Level 3.2(4.3) Staves
 + Level 2.0(3.0) Ranged Weapons
 + Level 2.0(3.0) Throwing
 + Level 10.6 Armour
 + Level 2.0(3.0) Dodging
 + Level 3.1(4.2) Stealth
 + Level 2.0 Shields
 + Level 2.0(3.0) Unarmed Combat
 + Level 5.4(7.2) Spellcasting
 + Level 1.5 Conjurations
 + Level 1.5 Hexes
 + Level 1.5 Summonings
 + Level 1.5 Necromancy
 + Level 1.5 Translocations
 + Level 1.5 Transmutations
 + Level 1.5(2.4) Fire Magic
 + Level 1.5(2.4) Ice Magic
 + Level 1.5(2.4) Air Magic
 + Level 1.5(2.4) Earth Magic
 + Level 1.5 Poison Magic
 + Level 2.2 Invocations
 + Level 2.0 Evocations


You had 19 spell levels left.
You didn't know any spells.
Your spell library contained the following spells:

 Spells                   Type           Power      Damage    Failure   Level
 Foxfire                  Conj/Fire      24%        2x1d5     87%         1
 Summon Small Mammal      Summ           20%        N/A       91%         1
 Conjure Flame            Conj/Fire      6%         6-21      99%         3
 Inner Flame              Hex/Fire       6%         N/A       99%         3
 Call Canine Familiar     Summ           5%         N/A       100%        3
 Gell's Gravitas          Tloc           5%         N/A       100%        3
 Lesser Beckoning         Tloc           5%         N/A       100%        3
 Summon Guardian Golem    Hex/Summ       5%         N/A       100%        3
 Teleport Other           Tloc           5%         N/A       100%        3
 Cause Fear               Hex            2%         N/A       100%        4
 Flame Wave               Conj/Fire      6%         2d5       100%        4
 Dispersal                Tloc           2%         N/A       100%        6
 Discord                  Hex            2%         N/A       100%        8


Dungeon Overview and Level Annotations

Branches:
Dungeon (6/15)
 Temple: D:4-7

Altars:
Ashenzari
Gozag
Kikubaaqudgha
Okawaru
Xom
Yredelemnul

Shops:
D:2 (   D:5 !(


Innate Abilities, Weirdness & Mutations

You have very sharp teeth.
Your uncanny sense of smell can sniff out nearby items.
Your experience applies equally to all skills.


Message History

The orc shouts!
You hear a shout!
Throw: 20 stones
Press: ? - help, Q - select action, (/) - cycle Shift-Dir - straight line, f - orc priest
Aim: an orc priest, wielding a +0 dagger (63% to hit)
You throw a stone.
The stone hits the orc priest but does no damage.
The orc priest mumbles some strange prayers to Beogh against you.
Beogh smites you!
* * * LOW HITPOINT WARNING * * *
There is a stone staircase leading up here.
You climb upwards.
There is a stone staircase leading down here.
You start resting.
You sense a monster nearby.
Aiming: Bolt of Light
Press: ? - help, Shift-Dir - straight line, f - two-headed ogre
Aim: a two-headed ogre, wielding two +0 giant spiked clubs (86% to hit)
The bolt of light hits the two-headed ogre!
The two-headed ogre is lightly wounded.
The two-headed ogre is blinded.
Aiming: Bolt of Light
Press: ? - help, Shift-Dir - straight line, f/p - two-headed ogre
Aim: a two-headed ogre, wielding two +0 giant spiked clubs (lightly wounded, blind, 86% to hit)
The bolt of light hits the two-headed ogre!
The two-headed ogre is moderately wounded.
Aiming: Bolt of Light
Press: ? - help, Shift-Dir - straight line, f/p - two-headed ogre
Aim: a two-headed ogre, wielding two +0 giant spiked clubs (moderately wounded, 86% to hit)
The bolt of light hits the two-headed ogre!
The two-headed ogre is severely wounded.
The two-headed ogre is blinded.
Aiming: Bolt of Light
Press: ? - help, Shift-Dir - straight line, f/p - two-headed ogre
Aim: a two-headed ogre, wielding two +0 giant spiked clubs (severely wounded, blind, 86% to hit)
The bolt of light hits the two-headed ogre.
The two-headed ogre is severely wounded.
You hit the two-headed ogre.
The two-headed ogre is severely wounded.
The two-headed ogre hits you with a +0 giant spiked club!!
You die...

...####### *
#.........# ...+
,,, * #..<......#
...# *, *
#.........# ...#
#.........# ...#
** , #.........#
..[# * #.........#
...#
#.######.........#
...#
#.......##########
...#############@#
...........# #O#
######.....# #.#
#{##### #.# #.#
#.# #.#########.#
#.......O...#
#############


You could see a two-headed ogre (blind).

Vanquished Creatures
  2 scorpions
  8 adders
  2 ufetubi
  3 worms
  2 dart slugs (D:1)
  2 orcs
  5 bats
  5 endoplasms
  6 giant cockroaches
  7 goblins
  5 hobgoblins
  8 kobolds
  A quokka (D:3)
  8 ball pythons
  7 frilled lizards
  2 rats
  A spectral hobgoblin (D:1)
74 creatures vanquished.

Notes
Turn   | Place    | Note
-------+----------+-------------------------------------------
     0 | D:1      | Reached skill level 10 in Armour
     0 | D:1      | mtoz the Gnoll Wanderer began the quest for the Orb.
     0 | D:1      | mtoz set off with the following items: a +0 quarterstaff, a
                  | +0 chain mail, 2 scrolls of butterflies.
     0 | D:1      | Reached XP level 1. HP: 17/17 MP: 6/6
   211 | D:1      | Reached XP level 2. HP: 22/23 MP: 7/7
   271 | D:1      | Found a faded altar of an unknown god.
   384 | D:1      | Reached skill level 5 in Spellcasting
   384 | D:1      | Reached XP level 3. HP: 20/28 MP: 7/9
   546 | D:1      | Reached skill level 1 in Invocations
   756 | D:1      | Prayed at the altar of an unknown god.
   756 | D:1      | Became a worshipper of Ashenzari the Shackled
   776 | D:2      | Found Uroum's Weapon Boutique.
   865 | D:2      | Reached skill level 1 in Short Blades
   865 | D:2      | Reached skill level 1 in Long Blades
   865 | D:2      | Reached skill level 1 in Axes
   865 | D:2      | Reached skill level 1 in Maces & Flails
   865 | D:2      | Reached skill level 1 in Polearms
   865 | D:2      | Reached skill level 1 in Ranged Weapons
   865 | D:2      | Reached skill level 1 in Throwing
   865 | D:2      | Reached skill level 1 in Dodging
   865 | D:2      | Reached skill level 1 in Shields
   865 | D:2      | Reached skill level 1 in Unarmed Combat
   865 | D:2      | Reached skill level 1 in Evocations
   881 | D:2      | Reached XP level 4. HP: 35/35 MP: 11/11
  1099 | D:2      | Reached * piety under Ashenzari
  1099 | D:2      | Reached ** piety under Ashenzari
  1204 | D:2      | Reached skill level 1 in Conjurations
  1204 | D:2      | Reached skill level 1 in Hexes
  1204 | D:2      | Reached skill level 1 in Summonings
  1204 | D:2      | Reached skill level 1 in Necromancy
  1204 | D:2      | Reached skill level 1 in Translocations
  1204 | D:2      | Reached skill level 1 in Transmutations
  1204 | D:2      | Reached skill level 1 in Fire Magic
  1204 | D:2      | Reached skill level 1 in Ice Magic
  1204 | D:2      | Reached skill level 1 in Air Magic
  1204 | D:2      | Reached skill level 1 in Earth Magic
  1204 | D:2      | Reached skill level 1 in Poison Magic
  2096 | D:3      | Noticed a scorpion
  2107 | D:3      | Killed a scorpion
  2108 | D:3      | Reached XP level 5. HP: 28/42 MP: 13/13
  3496 | D:4      | Found an iron altar of Okawaru.
  3496 | D:4      | Found an opulent altar of Gozag.
  3504 | D:4      | Found a basalt altar of Yredelemnul.
  3509 | D:4      | Found a shimmering altar of Xom.
  3511 | D:4      | Found an ancient bone altar of Kikubaaqudgha.
  3769 | D:5      | Entered Level 5 of the Dungeon
  3777 | D:5      | Reached XP level 6. HP: 46/50 MP: 16/16
  3939 | D:5      | Found Zeveniek's Distillery.
  3947 | D:5      | Bought a potion of degeneration for 13 gold pieces
  3965 | D:5      | Found Rawezon's Weapon Boutique.
  3975 | D:5      | Noticed a two-headed ogre
  4060 | D:5      | Slain by a two-headed ogre

Illustrated notes

Levels and vault maps discovered:
D:1:      minmay_arrival_widening_spiral_wide, layout_rooms,
          dreamdust_ecumenical_altar_drowned_temple
D:2:      wander_river, layout_loops_cross, serial_shops,
          nicolae_shop_advertising_works [nicolae_subvault_shop_adworks]
D:3:      layout_basic
D:4:      layout_cave_pods, chequers_temple_overflow_minitemple
D:5:      layout_basic, minmay_temple_entry_ruins, serial_shops, shop,
          nicolae_take_the_stairs, kennysheep_little_box,
          nicolae_shop_waterfront, nicolae_shop_statue_plus, uniq_grinder
D:6:      layout_gridville, nicolae_ossuary_entry_catacombs

Skill      XL: |  1  2  3  4  5  6 |
---------------+-------------------+-----
Armour         | | 10.6
Spellcasting   | 5 |  5.4
Invocations    | 1 2 |  2.2
Short Blades   | 1 2 |  2.0
Long Blades    | 1 2 |  2.0
Axes           | 1 2 |  2.0
Maces & Flails | 1 2 |  2.0
Polearms       | 1 2 |  2.0
Ranged Weapons | 1 2 |  2.0
Throwing       | 1 2 |  2.0
Dodging        | 1 2 |  2.0
Shields        | 1 2 |  2.0
Unarmed Combat | 1 2 |  2.0
Evocations     | 1 2 |  2.0
Conjurations   | 1 |  1.5
Hexes          | 1 |  1.5
Summonings     | 1 |  1.5
Necromancy     | 1 |  1.5
Translocations | 1 |  1.5
Transmutations | 1 |  1.5
Fire Magic     | 1 |  1.5
Ice Magic      | 1 |  1.5
Air Magic      | 1 |  1.5
Earth Magic    | 1 |  1.5
Poison Magic   | 1 |  1.5
Fighting       | 3 |  3.2
Staves         | 3 |  3.2
Stealth        | 3 |  3.1

Action                   |  1- 3 |  4- 6 || total
-------------------------+-------+-------++-------
Melee: Quarterstaff      |    77 |   135 ||   212
       Bite              |     4 |    16 ||    20
Throw: Stone             |    19 |     8 ||    27
Invok: Curse Item        |     1 |     2 ||     3
Evoke: Wand              |       |     4 ||     4
  Use: Scroll            |       |     2 ||     2
Armor: Chain mail        |    59 |    97 ||   156
Dodge: Dodged            |    17 |    64 ||    81
